 Dungeon Crawl Stone Soup version 0.20.1-1-g8b1a95d (console) character file.

136 hilaritas the Chiller (level 4, 0/24 HPs)
             Began as a Deep Elf Ice Elementalist on Sept 9, 2017.
             Slain by an orc
             ... wielding a +0 morningstar
              (11 damage)
             ... on level 3 of the Dungeon.
             The game lasted 00:04:54 (2592 turns).

hilaritas the Chiller (Deep Elf Ice Elementalist)   Turns: 2592, Time: 00:04:54

Health: 0/24       AC:  2    Str:  6    XL:     4   Next: 98%
Magic:  0/12       EV: 12    Int: 20    God:
Gold:   45         SH:  0    Dex: 15    Spells: 2/12 levels left

rFire    . . .     SeeInvis .   e - +0 dagger
rCold    . . .     Gourm    .   (no shield)
rNeg     . . .     Faith    .   a - +0 robe
rPois    .         Spirit   .   (no helmet)
rElec    .         Reflect  .   (no cloak)
rCorr    .         Harm     .   (no gloves)
MR       .....                  (no boots)
Stlth    ++........             (no amulet)
Regen    0.1/turn               (no ring)
MPRegen  0.2/turn               (no ring)

@: very slightly contaminated, drained
A: no striking features
a: no special abilities


You were on level 3 of the Dungeon.
You were not hungry.

You visited 1 branch of the dungeon, and saw 3 of its levels.

You collected 45 gold pieces.

Inventory:

Hand Weapons
 e - a +0 dagger (weapon)
Missiles
 h - 29 stones (quivered)
Armour
 a - a +0 robe (worn)
 k - a +0 shield
Scrolls
 d - 2 scrolls of remove curse {unknown}
 f - 4 scrolls of recharging {unknown}
 g - 3 scrolls of identify {unknown}
 i - a scroll of blinking {unknown}
 n - a scroll of amnesia {unknown}
 o - a scroll of enchant weapon {unknown}
 p - a scroll of random uselessness {unknown}
Potions
 j - 2 potions of heal wounds {unknown}
 l - a potion of might {unknown}
 m - a potion of ambrosia {unknown}
 r - 3 potions of curing {unknown}
 s - a potion of flight {unknown}
Books
 b - a book of Frost

   Spells                             Type                      Level
   a - Freeze                         Ice                          1
   b - Throw Frost                    Conjuration/Ice              2
   c - Ozocubu's Armour               Charms/Ice                   3
   d - Throw Icicle                   Conjuration/Ice              4
   e - Summon Ice Beast               Ice/Summoning                4
Comestibles
 c - a bread ration
 q - 3 chunks of flesh
 t - 2 meat rations


   Skills:
 - Level 2.4(1.7) Dodging
 - Level 2.4(1.7) Stealth
 * Level 4.9(4.2) Spellcasting
 - Level 2.0(1.3) Conjurations
 - Level 5.0(4.2) Ice Magic


You had 2 spell levels left.
You knew the following spells:

 Your Spells              Type           Power        Failure   Level  Hunger
a - Freeze                Ice            ###.         2%          1    None
b - Throw Frost           Conj/Ice       ###...       6%          2    #......
c - Ozocubu's Armour      Chrm/Ice       ##......     16%         3    ###....
d - Throw Icicle          Conj/Ice       ###.....     36%         4    ####...


Dungeon Overview and Level Annotations

Branches:
Dungeon (3/15)

Altars:
Dithmenos


Message History

You freeze the orc.
The orc is heavily wounded.
The orc hits you but does no damage.
You feel drained.
You barely miss the orc.
The orc is heavily wounded.
The orc hits you with a whip of draining.
You feel drained.
You hit the orc but do no damage.
The orc is heavily wounded.
The orc hits you with a whip of draining.
You feel drained.
Casting: Freeze
Confirm with . or Enter, or press ? or * to list all spells.
Aiming: Freeze
Press: ? - help, Shift-Dir - straight line, f/p - orc
Aim: an orc, wielding a whip of draining (heavily wounded)
You freeze the orc.
You kill the orc!
You closely miss the orc. The orc hits you with a morningstar!
You die...

##### ###....
....... ### .......
... ....... #.#
....... #.#
#####......)###.###
..... #.....o@....#
........#######.#.#
....##+#.......#.#
#..............#
+......#########
#...>........
#......#####.
##.#+### #.# #.#
#.#


You could see an orc.

Vanquished Creatures
  An orc priest (D:3)
  5 adders (D:2)
  An ooze (D:2)
  A worm (D:2)
  2 dart slugs (D:1)
  2 leopard geckos
  2 orcs (D:3)
  2 ball pythons
  10 bats
  2 giant cockroaches (D:2)
  4 goblins
  6 hobgoblins
  A frilled lizard (D:2)
  6 kobolds
45 creatures vanquished.

Notes
Turn   | Place    | Note
-------+----------+-------------------------------------------
     0 | D:1      | hilaritas the Deep Elf Ice Elementalist began the quest for the Orb.
     0 | D:1      | Reached XP level 1. HP: 10/10 MP: 6/6
   123 | D:1      | Reached XP level 2. HP: 15/15 MP: 4/8
   180 | D:1      | Reached skill level 4 in Ice Magic
  1146 | D:2      | Learned a level 2 spell: Throw Frost
  1216 | D:2      | Reached XP level 3. HP: 16/19 MP: 3/9
  1764 | D:2      | Reached skill level 5 in Ice Magic
  1770 | D:2      | Reached XP level 4. HP: 24/24 MP: 5/10
  1818 | D:2      | Learned a level 3 spell: Ozocubu's Armour
  1819 | D:2      | Found a shadowy altar of Dithmenos.
  2187 | D:2      | Learned a level 4 spell: Throw Icicle
  2592 | D:3      | Slain by an orc

Skill      XL: |  1  2  3  4 |
---------------+-------------+-----
Ice Magic      | 4 5 |  5.0
Conjurations   | 2 |  2.0
Spellcasting   | 4 |  4.9
Dodging        | |  2.4
Stealth        | |  2.4

Action                   |  1- 3 |  4- 6 || total
-------------------------+-------+-------++-------
Melee: Dagger            |     1 |     4 ||     5
 Cast: Freeze            |    47 |    36 ||    83
  Eat: Chunk             |     2 |     3 ||     5
Armor: Robe              |     7 |     1 ||     8
Dodge: Dodged            |    32 |    11 ||    43
